 Dungeon Crawl Stone Soup version 0.20-a0-435-ga4f17a0 (webtiles) character file.

2582 Implojin the Cudgeler (level 9, -8/72 HPs)
             Began as a Mummy Chaos Knight on Jan 18, 2017.
             Mangled by a two-headed ogre
             ... wielding a +0 giant club
              (28 damage)
             ... on level 8 of the Dungeon.
             The game lasted 00:15:27 (8178 turns).

Implojin the Cudgeler (Mummy Chaos Knight)          Turns: 8178, Time: 00:15:27

Health: -8/72      AC: 11    Str: 18    XL:     9   Next: 32%
Magic:  9/9        EV:  7    Int: 13    God:    Xom [...*..]
Gold:   479        SH:  7    Dex: 15    Spells: 8/8 levels left

rFire  x . .     SeeInvis .     a - +3 morningstar (freeze)
rCold  + . .     Gourm    .     F - +5 ring mail "Udghynn" {Int+2}
rNeg   + + +     Faith    .     z - +0 shield
rPois  ∞         Spirit   .     (no helmet)
rElec  .         Reflect  .     (no cloak)
rCorr  .         Harm     .     j - +0 pair of gloves
MR     +....                    (no boots)
Stlth  +.........               (no amulet)
                                (no ring)
                                n - +3 ring of strength

@: no status effects
A: no food or potions, fire vulnerability, cold resistance 1, negative energy
resistance 3, torment resistance, unbreathing
a: Renounce Religion


You were on level 8 of the Dungeon.
You worshipped Xom.
You were a favourite toy of Xom.
You were not hungry.

You visited 1 branch of the dungeon, and saw 8 of its levels.
You also visited: Sewer.

You collected 479 gold pieces.

Inventory:

Hand Weapons
 a - a +3 morningstar of freezing (weapon)
 b - a +2 whip of draining
 g - a +1 whip of freezing
 h - a +1 antimagic falchion
 i - a +5 war axe
 o - a +4 short sword
 q - a +0 flail
 v - a +1 broad axe
 A - a +0 hand axe of freezing
 B - a +0 war axe
 D - a +0 dagger of draining
Missiles
 r - 6 silver javelins (quivered)
 y - 9 tomahawks
 C - 2 throwing nets
Armour
 j - a +0 pair of gloves (worn)
 z - a +0 shield (worn)
 F - the +5 ring mail "Udghynn" (worn) {Int+2}
   (You found it on level 7 of the Dungeon)

   It affects your intelligence (+2).
Jewellery
 n - a +3 ring of strength (left hand)
Wands
 c - a wand of lightning (4/15)
 k - a wand of polymorph (12/24)
 s - a wand of iceblast (15/15)
Scrolls
 d - 2 scrolls of fear
 e - 2 scrolls of fog
 f - a scroll of recharging
 l - 2 scrolls of remove curse
 m - 2 scrolls of random uselessness
 p - 2 scrolls of magic mapping
 t - 2 scrolls of teleportation
 u - 2 scrolls of immolation
 w - a scroll of blinking
 x - 2 scrolls of amnesia
 E - a scroll of enchant armour {unknown}


   Skills:
 - Level 7.1 Fighting
 - Level 4.7(6.8) Axes
 * Level 7.6(8.3) Maces & Flails
 - Level 1.5 Armour
 - Level 0.7 Dodging
 - Level 2.5 Unarmed Combat


You had 8 spell levels left.
You didn't know any spells.

Dungeon Overview and Level Annotations

Branches:
Dungeon (8/15)             Temple (0/1) D:5
   Lair: D:8-11

Altars:
Ashenzari
Dithmenos
Hepliaklqana
Makhleb
Okawaru
Qazlal
Sif Muna
Uskayaw
Xom
The Shining One

Annotations:
D:8 HAWKINGL3623's ghost, novice HOFi


Innate Abilities, Weirdness & Mutations

You do not eat or drink.
Your flesh is vulnerable to fire.
You are immune to poison.
Your flesh is cold resistant. (rC+)
You are immune to negative energy. (rN+++)
You are immune to unholy pain and torment.
You can survive without breathing.


Message History

You hit HAWKINGL3623's ghost but do no damage.
HAWKINGL3623's ghost hits you!
You barely miss HAWKINGL3623's ghost. HAWKINGL3623's ghost hits you!
* * * LOW HITPOINT WARNING * * *
Unknown command.
You hit HAWKINGL3623's ghost but do no damage.
Your crimson imp barely misses HAWKINGL3623's ghost.
HAWKINGL3623's ghost hits you.
* * * LOW HITPOINT WARNING * * *
Your crimson imp blinks!
You sock HAWKINGL3623's ghost! You freeze HAWKINGL3623's ghost.
HAWKINGL3623's ghost is lightly damaged.
Your shadow imp hits HAWKINGL3623's ghost but does no damage.
You block HAWKINGL3623's ghost's attack.
Your shadow imp barely misses HAWKINGL3623's ghost.
Unknown command.
You hit HAWKINGL3623's ghost. You freeze HAWKINGL3623's ghost.
HAWKINGL3623's ghost is lightly damaged.
Xom grants you insight.
You detect creatures!
HAWKINGL3623's ghost hits you.
* * * LOW HITPOINT WARNING * * *
Your crimson imp blinks!
Your shadow imp hits HAWKINGL3623's ghost but does no damage.
HAWKINGL3623's ghost hits you!
* * * LOW HITPOINT WARNING * * *
Unknown command.
As you read the scroll of teleportation, it crumbles to dust.
You feel strangely unstable.
Your crimson imp blinks!
Your shadow imp hits HAWKINGL3623's ghost but does no damage.
HAWKINGL3623's ghost hits you.
* * * LOW HITPOINT WARNING * * *
Unknown command.
Unknown command.
Your shadow imp hits HAWKINGL3623's ghost but does no damage.
Your surroundings suddenly seem different.
Xom thinks this is hilarious!
The two-headed ogre hits you with a giant club!!
You die...
Xom laughs nastily!

#.........#+#
#5.W.........
+.†..........
#............
.....#####+#...
......#.....# ..
.......#.....######.
.......#...O........
.......#....@.......
#...####.###. #..
... ... >. .


You could see a two-headed ogre.

Vanquished Creatures
  Eustachio (D:5)
  A water moccasin (D:7)
  A sky beast (D:5)
  A phantom (D:7)
  An ice beast (D:6)
  A black bear (D:8)
  2 ogres
  A centaur (D:6)
  2 big kobolds
  3 bullfrogs
  3 scorpions
  5 killer bees (D:7)
  A howler monkey (D:6)
  5 wights (D:7)
  A crimson imp (D:5)
  2 hounds
  A bullfrog zombie (D:7)
  2 jellies
  An orc priest (D:7)
  A gnoll shaman (D:4)
  An iguana (D:4)
  7 worker ants
  4 gnolls (D:4)
  11 adders
  2 river rats (Sewer)
  A river rat (shapeshifter) (D:7)
  4 shadow imps
  2 oozes
  An adder skeleton (D:6)
  An adder zombie (D:7)
  4 worms
  3 leopard geckos
  10 orcs
  3 ball pythons
  2 giant cockroaches
  3 goblins
  14 hobgoblins
  2 jackals (Sewer)
  4 quokkas
  9 bats
  7 frilled lizards
  A jackal skeleton (D:4)
  11 kobolds
  12 rats
155 creatures vanquished.

Vanquished Creatures (collateral kills)
  A hound (D:8)
1 creature vanquished.

Vanquished Creatures (others)
  A phantom (D:4)
1 creature vanquished.

Grand Total: 157 creatures vanquished

Notes
Turn   | Place    | Note
-------+----------+-------------------------------------------
     0 | D:1      | Implojin the Mummy Chaos Knight began the quest for the Orb.
     0 | D:1      | Reached XP level 1. HP: 18/18 MP: 1/1
    51 | D:1      | XOM: silly message
    89 | D:1      | Reached skill level 1 in Maces & Flails
   160 | D:1      | XOM: god gift: 31 gold pieces
   220 | D:1      | Reached XP level 2. HP: 22/24 MP: 2/2
   264 | D:1      | XOM: harmless Pois miscast
   455 | D:1      | XOM: mild Air miscast
   701 | D:1      | XOM: harmless Hex miscast
   741 | D:2      | Reached skill level 2 in Maces & Flails
   742 | D:2      | Reached XP level 3. HP: 29/29 MP: 3/3
   758 | D:2      | XOM: harmless Tloc miscast
   883 | D:2      | XOM is BORED!
   883 | D:2      | XOM: harmless Ice miscast
   917 | D:2      | Found a deep blue altar of Sif Muna.
  1095 | D:2      | Reached XP level 4. HP: 30/35 MP: 4/4
  1445 | D:3      | Reached skill level 3 in Maces & Flails
  1557 | D:3      | Found a shadowy altar of Dithmenos.
  1704 | D:3      | Found a glowing drain.
  1755 | Sewer    | Entered a sewer
  1996 | Sewer    | XOM: cloud trail
  2014 | Sewer    | XOM: harmless Fire miscast
  2084 | Sewer    | Noticed a big kobold
  2090 | Sewer    | Reached XP level 5. HP: 41/41 MP: 5/5
  2231 | Sewer    | XOM: harmless Divn miscast
  2390 | Sewer    | XOM: silly message
  2404 | Sewer    | XOM: potion effect (invisibility)
  2411 | Sewer    | XOM: smoke on damage
  2413 | Sewer    | Reached skill level 4 in Maces & Flails
  2429 | Sewer    | Found a white marble altar of Elyvilon.
  2473 | Sewer    | XOM: mild Tmut miscast
  2761 | D:3      | XOM: enchant monster (bad)
  2842 | D:4      | XOM: mild Air miscast
  3009 | D:4      | XOM: 4-stop teleportation journey
  3010 | D:4      | Noticed a phantom
  3020 | D:4      | XOM: cast spell 'Dispersal'
  3081 | D:4      | XOM: harmless Fire miscast
  3094 | D:4      | Reached skill level 5 in Maces & Flails
  3094 | D:4      | Reached XP level 6. HP: 44/47 MP: 6/6
  3095 | D:4      | XOM: cleaving
  3168 | D:4      | XOM is BORED!
  3493 | D:4      | XOM: god gift: 7 silver javelins
  3505 | D:4      | XOM: god gift: 11 royal jellies
  3635 | D:4      | Found a glowing golden altar of the Shining One.
  3736 | D:4      | XOM: divine lightning (protected)
  3933 | D:4      | XOM: 4-stop teleportation journey
  4143 | D:4      | Found a burning altar of Makhleb.
  4149 | D:4      | Found an iron altar of Okawaru.
  4150 | D:4      | Found a stormy altar of Qazlal.
  4150 | D:4      | Found a shadowy altar of Dithmenos.
  4221 | D:4      | XOM: god gift: 2 fuming white potions {god gift}
  4307 | D:5      | Entered Level 5 of the Dungeon
  4321 | D:5      | Found a staircase to the Ecumenical Temple.
  4338 | D:5      | Reached skill level 6 in Maces & Flails
  4406 | D:5      | Noticed a sky beast
  4424 | D:5      | Killed a sky beast
  4424 | D:5      | Reached XP level 7. HP: 13/53 MP: 7/7
  4458 | D:5      | XOM: cloud trail
  4499 | D:5      | XOM: scenery: create altars
  4730 | D:5      | Found a hide-covered altar of Uskayaw.
  4981 | D:5      | Noticed Eustachio
  4987 | D:5      | XOM: 1-stop teleportation journey
  5136 | D:5      | Reached skill level 4 in Fighting
  5157 | D:5      | XOM: harmless Conj miscast
  5378 | D:5      | XOM: summons friendly ufetubus
  5392 | D:5      | Killed Eustachio
  5392 | D:5      | Reached skill level 5 in Fighting
  5470 | D:6      | XOM: 1-stop teleportation journey
  5546 | D:6      | Found a hazy altar of Hepliaklqana.
  5566 | D:6      | Reached skill level 6 in Fighting
  5670 | D:6      | Reached XP level 8. HP: 43/65 MP: 8/8
  5799 | D:6      | XOM: cast spell 'Summon Small Mammal'
  5804 | D:6      | Found a glowing golden altar of the Shining One.
  5811 | D:6      | XOM: scenery: 1 doors open
  5993 | D:6      | Reached skill level 7 in Fighting
  6093 | D:6      | Reached skill level 1 in Axes
  6107 | D:6      | Reached skill level 2 in Axes
  6351 | D:7      | XOM: stat loss: -1 Dex (13/14)
  6369 | D:7      | Reached skill level 3 in Axes
  6687 | D:6      | XOM: mild Ice miscast
  6932 | D:7      | Got a steaming ring mail
  6967 | D:6      | Identified the +5 ring mail "Udghynn" {Int+2} (You found it on level 7 of the Dungeon)
  7155 | D:7      | XOM: silly message
  7176 | D:7      | Reached skill level 4 in Axes
  7528 | D:7      | XOM: swap monsters
  7529 | D:7      | a bezotted killer bee gained the power of zot.
  7531 | D:7      | Reached XP level 9. HP: 69/72 MP: 9/9
  7625 | D:7      | XOM: fog
  7643 | D:7      | Reached skill level 7 in Maces & Flails
  7644 | D:7      | XOM: polymorph killer bee -> river rat
  7939 | D:7      | Found a shattered altar of Ashenzari.
  8088 | D:7      | XOM: mild Pois miscast
  8136 | D:8      | XOM: noise
  8165 | D:8      | Noticed HAWKINGL3623's ghost (novice HOFi)
  8165 | D:8      | XOM: summons friendly crimson imp
  8166 | D:8      | XOM: summons friendly shadow imp
  8175 | D:8      | XOM: divination: detect creatures
  8178 | D:8      | Mangled by a two-headed ogre

Vault maps used:
D:1:      mushboom_english_gardens
D:2:      lemuel_coloured_pillars_altar, minmay_box_of_dots
D:3:      portal_sewer_entry_d, first_bread, nicolae_dithmenos_shadow_blocks
D:4:      minitemple, kennysheep_small_spiral, nicolae_tso_swordbearing_angel
D:5:      eat_drink_and_be_merry_uskayaw, uniq_eustachio
D:6:      lemuel_round_altar, lemuel_crystal_altar
D:7:      lemuel_doored_altar, eino_jars
D:8:      kennysheep_mini, lair_entry_dummy
Sewer:    sewer_kobolds

Skill      XL: |  1  2  3  4  5  6  7  8  9 |
---------------+----------------------------+-----
Maces & Flails | 1 2 3 5 6 7 |  7.6
Fighting       | 6 7 |  7.1
Axes           | 4 |  4.7
Armour         | |  1.5
Dodging        | |  0.7
Unarmed Combat | |  2.5

Action                   |  1- 3 |  4- 6 |  7- 9 || total
-------------------------+-------+-------+-------++-------
Melee: Whip              |    97 |   273 |   112 ||   482
       Unarmed           |     9 |       |       ||     9
       Punch             |       |     1 |     1 ||     2
       Broad axe         |       |       |   113 ||   113
       Morningstar       |       |       |    68 ||    68
Throw: Javelin           |       |    13 |     4 ||    17
  Use: Scroll            |       |     9 |    10 ||    19
 Stab: Invisible         |       |     3 |       ||     3
       Distracted        |       |       |     1 ||     1
Armor: Leather armour    |    33 |    75 |    41 ||   149
       Ring mail         |       |       |    63 ||    63
Dodge: Dodged            |    59 |   117 |   140 ||   316
Block: Shield            |       |       |    58 ||    58

Table legend:
 A = Turns spent in this place as a percentage of turns spent in the entire game.
 B = Non-inter-level travel turns spent in this place as a percentage of non-inter-level travel turns spent in the entire game.
 C = Inter-level travel turns spent in this place as a percentage of turns spent in this place.
 D = Turns resting spent in this place as a percentage of non-inter-level travel turns spent in this place.
 E = Turns spent auto-exploring this place as a percentage of non-inter-level travel turns spent in this place.
 F = Non-inter-level travel turns spent in this place divided by the number of levels of this place that you've seen.
                   A       B       C       D       E      F
               +-------+-------+-------+-------+-------+----------------------
         Total | 100.0 | 100.0 |   0.3 |   3.8 |   8.3 | 256.8
       Dungeon |  90.2 |  90.1 |   0.4 |   3.6 |   9.0 | 260.4
         Sewer |   9.8 |   9.9 |   0.0 |   5.7 |   1.8 | 228.0
               +-------+-------+-------+-------+-------+----------------------

Table legend:
 A = Kills in this place as a percentage of kills in entire the game.
 B = Kills by you in this place as a percentage of kills by you in the entire game.
 C = Kills by friends in this place as a percentage of kills by friends in the entire game.
 D = Other kills in this place as a percentage of other kills in the entire game.
 E = Experience gained in this place as a percentage of experience gained in the entire game.
 F = Experience gained in this place divided by the number of levels of this place that you have seen.
                   A       B       C       D       E      F
               +-------+-------+-------+-------+-------+----------------------
         Total | 100.0 | 100.0 | 100.0 | 100.0 | 100.0 | 409.9
       Dungeon |  93.0 |  92.9 | 100.0 | 100.0 |  96.3 | 444.0
         Sewer |   7.0 |   7.1 |   0.0 |   0.0 |   3.7 | 137.0
               +-------+-------+-------+-------+-------+----------------------
